| TOP OF THE 1ST |
|
Bowie Baysox batting - Pitching for Northwest Arkansas Naturals : RHP Nam Phong
|
|
Pitching: RHP Nam Phong
|
|
|
Batting: RHB Alfredo Reguera
|
0-0: Ball 1-0: SINGLE (Groundball, 56, EV 95.6 MPH)
|
|
Batting: RHB Maup Gommers
|
0-0: Ball 1-0: Called Strike 1-1: Ball 2-1: Swinging Strike 2-2: Ball 3-2: Base on Balls Alfredo Reguera to second
|
|
Batting: LHB Pat Fontana
|
0-0: SINGLE (Groundball, 5D, EV 95.6 MPH) Alfredo Reguera to third Maup Gommers to second Runner from 3rd tries for Home, SAFE, throw by LF to trailing runner, SAFE at third!
|
|
Batting: RHB Jonathan Mendoza
|
0-0: Called Strike 0-1: Swinging Strike 0-2: Foul Ball, location: 2F 0-2: Ball 1-2: Strikes out swinging
|
|
Batting: RHB Kevin Popowicz
|
0-0: Called Strike Pat Fontana is caught stealing 2nd base 2-4 0-1: Ball 1-1: SINGLE (Groundball, 56D, EV 93.8 MPH) Maup Gommers scores
|
|
Batting: SHB Chris Wright
|
0-0: Ball Kevin Popowicz steals 2nd base 1-0: Ball 2-0: Ball 3-0: SINGLE (Line Drive, 4MD, EV 94.4 MPH) Kevin Popowicz to third Runner from 3rd tries for Home, SAFE, throw by CF to home Chris Wright to second
|
|
Batting: RHB Mike Pitts
|
0-0: Foul Ball, location: 2F 0-1: Swinging Strike 0-2: Foul Ball, location: 2F 0-2: Foul Ball, location: 2F 0-2: Ground out 4-3 (Groundball, 4, EV 83.1 MPH)
|
| Top of the 1st over - 3 runs, 4 hits, 0 errors, 1 left on base; Bowie 3 - Northwest Arkansas 0 |
| BOTTOM OF THE 1ST |
|
Northwest Arkansas Naturals batting - Pitching for Bowie Baysox : RHP Jonathan Spicer
|
|
Pitching: RHP Jonathan Spicer
|
|
|
Batting: RHB Chad Sullivan
|
0-0: Ball 1-0: Fly out, F9 (Line Drive, 9, EV 105.6 MPH)
|
|
Batting: RHB Kevin Allen
|
0-0: Called Strike 0-1: Foul Ball, location: 2F 0-2: SINGLE (Flyball, 78S, EV 88.8 MPH)
|
|
Batting: LHB Edgar Ortiz
|
0-0: Ball 1-0: Called Strike 1-1: Ball 2-1: Ball 3-1: Fielders Choice at 2nd, 1-6 (Groundball, 34S, EV 65.0 MPH)
|
|
Batting: RHB Nick Julien
|
0-0: Ball 1-0: Foul Ball, location: 2F 1-1: Ground out 4-3 (Groundball, 13, EV 82.5 MPH)
|
| Bottom of the 1st over - 0 runs, 1 hit, 0 errors, 1 left on base; Bowie 3 - Northwest Arkansas 0 |
| TOP OF THE 2ND |
|
Bowie Baysox batting - Pitching for Northwest Arkansas Naturals : RHP Nam Phong
|
|
Batting: RHB Simon Van Steenwyk
|
0-0: Called Strike 0-1: SINGLE (Line Drive, 3D, EV 108.1 MPH)
|
|
Batting: RHB Matt Berrier
|
0-0: Ball 1-0: Ball 2-0: Ball 3-0: Called Strike 3-1: Base on Balls Simon Van Steenwyk to second
|
|
Batting: RHB Alfredo Reguera
|
0-0: Called Strike 0-1: SINGLE (Flyball, 8RS, EV 91.2 MPH) Simon Van Steenwyk to third Matt Berrier to second
|
|
Batting: RHB Maup Gommers
|
0-0: Ball 1-0: Called Strike 1-1: Ball 2-1: Fielders Choice at 2nd, 3-6 (Groundball, 34S, EV 94.4 MPH) Simon Van Steenwyk scores Matt Berrier to third
|
|
Batting: LHB Pat Fontana
|
0-0: Swinging Strike 0-1: Ball 1-1: Called Strike 1-2: Ball 2-2: Ball 3-2: Strikes out swinging
|
|
Batting: RHB Jonathan Mendoza
|
0-0: Foul Ball, location: 2F Pickoff Throw to First - Out! 1-3
|
| Top of the 2nd over - 1 run, 2 hits, 0 errors, 1 left on base; Bowie 4 - Northwest Arkansas 0 |
| BOTTOM OF THE 2ND |
|
Northwest Arkansas Naturals batting - Pitching for Bowie Baysox : RHP Jonathan Spicer
|
|
Batting: LHB Pablo Serrato
|
0-0: Ball 1-0: Called Strike 1-1: Ball 2-1: Swinging Strike 2-2: Strikes out swinging
|
|
Batting: LHB Danny Zuniga
|
0-0: Ground out 4-3 (Groundball, 4M, EV 106.2 MPH)
|
|
Batting: RHB Jonas Fernandez
|
0-0: Ball 1-0: Foul Ball, location: 2F 1-1: SINGLE (Groundball, 4MS, EV 66.9 MPH) (infield hit)
|
|
Batting: RHB Adam Krieger
|
0-0: Called Strike 0-1: Called Strike 0-2: Strikes out swinging
|
| Bottom of the 2nd over - 0 runs, 1 hit, 0 errors, 1 left on base; Bowie 4 - Northwest Arkansas 0 |
| TOP OF THE 3RD |
|
Bowie Baysox batting - Pitching for Northwest Arkansas Naturals : RHP Nam Phong
|
|
Batting: RHB Jonathan Mendoza
|
0-0: Ball 1-0: Swinging Strike 1-1: Foul Ball, location: 2F 1-2: Strikes out looking
|
|
Batting: RHB Kevin Popowicz
|
0-0: Called Strike 0-1: Ball 1-1: Ball 2-1: Foul Ball, location: 2F 2-2: Ball 3-2: Foul Ball, location: 2F 3-2: Strikes out looking
|
|
Batting: SHB Chris Wright
|
0-0: Called Strike 0-1: DOUBLE (Line Drive, 3D, EV 95.0 MPH)
|
|
Batting: RHB Mike Pitts
|
0-0: Ball 1-0: Ground out U3 (Groundball, 3, EV 96.2 MPH)
|
| Top of the 3rd over - 0 runs, 1 hit, 0 errors, 1 left on base; Bowie 4 - Northwest Arkansas 0 |
| BOTTOM OF THE 3RD |
|
Northwest Arkansas Naturals batting - Pitching for Bowie Baysox : RHP Jonathan Spicer
|
|
Batting: RHB Trevor Kingston
|
0-0: Ball 1-0: Ball 2-0: Called Strike 2-1: Swinging Strike 2-2: Strikes out looking
|
|
Batting: RHB Chad Sullivan
|
0-0: Called Strike 0-1: Swinging Strike 0-2: Ball 1-2: Ball 2-2: Fly out, F9 (Flyball, 9D, EV 82.5 MPH)
|
|
Batting: RHB Kevin Allen
|
0-0: Ball 1-0: Ball 2-0: Ball 3-0: Base on Balls
|
|
Batting: LHB Edgar Ortiz
|
0-0: Ball 1-0: Ball 2-0: Called Strike 2-1: Foul Ball, location: 2F 2-2: Foul Ball, location: 2F 2-2: Ball 3-2: Foul Ball, location: 2F 3-2: Strikes out swinging
|
| Bottom of the 3rd over - 0 runs, 0 hits, 0 errors, 1 left on base; Bowie 4 - Northwest Arkansas 0 |
| TOP OF THE 4TH |
|
Bowie Baysox batting - Pitching for Northwest Arkansas Naturals : RHP Nam Phong
|
|
Batting: RHB Simon Van Steenwyk
|
0-0: Ball 1-0: Swinging Strike 1-1: Called Strike 1-2: Strikes out swinging, 2-3 out at first.
|
|
Batting: RHB Matt Berrier
|
0-0: Ball 1-0: Called Strike 1-1: Ground out 4-3 (Groundball, 4, EV 90.6 MPH)
|
|
Batting: RHB Alfredo Reguera
|
0-0: Called Strike 0-1: Foul Ball, location: 2F 0-2: Ball 1-2: Ball 2-2: Fly out, F7 (Flyball, 78S, EV 82.5 MPH)
|
| Top of the 4th over - 0 runs, 0 hits, 0 errors, 0 left on base; Bowie 4 - Northwest Arkansas 0 |
| BOTTOM OF THE 4TH |
|
Northwest Arkansas Naturals batting - Pitching for Bowie Baysox : RHP Jonathan Spicer
|
|
Batting: RHB Nick Julien
|
0-0: Ball 1-0: Ball 2-0: SINGLE (Groundball, 56, EV 101.2 MPH)
|
|
Batting: LHB Pablo Serrato
|
0-0: Ball 1-0: Called Strike 1-1: Ball 2-1: Ball 3-1: Base on Balls Nick Julien to second
|
|
Batting: LHB Danny Zuniga
|
0-0: Called Strike 0-1: Called Strike 0-2: Foul Ball, location: 2F 0-2: Strikes out swinging
|
|
Batting: RHB Jonas Fernandez
|
0-0: Swinging Strike 0-1: Foul Ball, location: 2F 0-2: Ball 1-2: Strikes out swinging
|
|
Batting: RHB Adam Krieger
|
0-0: Ball 1-0: Foul Ball, location: 2F 1-1: Fly out, F8 (Flyball, 8LM, EV 83.8 MPH)
|
| Bottom of the 4th over - 0 runs, 1 hit, 0 errors, 2 left on base; Bowie 4 - Northwest Arkansas 0 |
| TOP OF THE 5TH |
|
Bowie Baysox batting - Pitching for Northwest Arkansas Naturals : RHP Nam Phong
|
|
Batting: RHB Maup Gommers
|
0-0: Ball 1-0: Swinging Strike 1-1: Ball 2-1: Ball 3-1: Called Strike 3-2: Foul Ball, location: 2F 3-2: Foul Ball, location: 2F 3-2: SOLO HOME RUN (Flyball, 9LD, EV 96.9 MPH), Distance : 362 ft
|
|
Pitching: RHP Kevin Fleming
|
|
|
Batting: LHB Pat Fontana
|
0-0: Ball 1-0: Foul Ball, location: 2F 1-1: Called Strike 1-2: Fly out, F8 (Flyball, 89M, EV 92.5 MPH)
|
|
Batting: RHB Jonathan Mendoza
|
0-0: Ball 1-0: SOLO HOME RUN (Flyball, 9D, EV 108.1 MPH), Distance : 404 ft
|
|
Batting: RHB Kevin Popowicz
|
0-0: Ball 1-0: Called Strike 1-1: Ball 2-1: Ball 3-1: Called Strike 3-2: Foul Ball, location: 2F 3-2: Foul Ball, location: 2F 3-2: Foul Ball, location: 2F 3-2: Base on Balls
|
|
Batting: SHB Chris Wright
|
0-0: Ball 1-0: Foul Ball, location: 2F 1-1: Grounds into double play, 4-6-3 (Groundball, 4, EV 80.0 MPH)
|
| Top of the 5th over - 2 runs, 2 hits, 0 errors, 0 left on base; Bowie 6 - Northwest Arkansas 0 |
| BOTTOM OF THE 5TH |
|
Northwest Arkansas Naturals batting - Pitching for Bowie Baysox : RHP Jonathan Spicer
|
|
Batting: RHB Trevor Kingston
|
0-0: Called Strike 0-1: Ball 1-1: Called Strike 1-2: Foul Ball, location: 2F 1-2: Strikes out swinging
|
|
Batting: RHB Chad Sullivan
|
0-0: Called Strike 0-1: Ball 1-1: Fly out, F8 (Flyball, 8RD, EV 100.6 MPH)
|
|
Batting: RHB Kevin Allen
|
0-0: Ball 1-0: Ball 2-0: Ball 3-0: Swinging Strike 3-1: Base on Balls
|
|
Batting: LHB Edgar Ortiz
|
0-0: Called Strike 0-1: Swinging Strike 0-2: Ball 1-2: Ball 2-2: Ball 3-2: Base on Balls Kevin Allen to second
|
|
Batting: RHB Nick Julien
|
0-0: 3-RUN HOME RUN (Flyball, 89XD, EV 115.6 MPH), Distance : 438 ft
|
|
Batting: LHB Pablo Serrato
|
0-0: Called Strike 0-1: Ball 1-1: Swinging Strike 1-2: Foul Ball, location: 2F 1-2: Ball 2-2: Foul Ball, location: 2F 2-2: Foul Ball, location: 2F 2-2: Strikes out looking
|
| Bottom of the 5th over - 3 runs, 1 hit, 0 errors, 0 left on base; Bowie 6 - Northwest Arkansas 3 |
| TOP OF THE 6TH |
|
Bowie Baysox batting - Pitching for Northwest Arkansas Naturals : RHP Kevin Fleming
|
|
Batting: RHB Mike Pitts
|
0-0: Ball 1-0: Called Strike 1-1: SINGLE (Groundball, 6, EV 98.1 MPH)
|
|
Batting: RHB Simon Van Steenwyk
|
0-0: Ball 1-0: Called Strike 1-1: Foul Ball, location: 2F 1-2: SINGLE (Flyball, 3D, EV 92.5 MPH) Mike Pitts to second
|
|
Batting: RHB Matt Berrier
|
0-0: Ball 1-0: Called Strike 1-1: Swinging Strike 1-2: Fielders Choice at 2nd, 6-4 (Groundball, 56, EV 88.8 MPH) Mike Pitts to third
|
|
Batting: RHB Alfredo Reguera
|
Pickoff Throw to First - Out! 1-3 0-0: Ball 1-0: Ball 2-0: Ball 3-0: Ground out 4-3 (Groundball, 4M, EV 83.8 MPH)
|
| Top of the 6th over - 0 runs, 2 hits, 0 errors, 1 left on base; Bowie 6 - Northwest Arkansas 3 |
| BOTTOM OF THE 6TH |
|
Northwest Arkansas Naturals batting - Pitching for Bowie Baysox : RHP Jonathan Spicer
|
|
Batting: LHB Danny Zuniga
|
0-0: Called Strike 0-1: Ball 1-1: Swinging Strike 1-2: Strikes out looking
|
|
Pitching: RHP Fabiano Ceriani
|
|
|
Batting: RHB Jonas Fernandez
|
0-0: Foul Ball, location: 2F 0-1: Ball 1-1: Foul Ball, location: 2F 1-2: SINGLE (Line Drive, 7S, EV 106.2 MPH)
|
|
Batting: RHB Adam Krieger
|
0-0: Called Strike 0-1: Grounds into double play, 5-4-3 (Groundball, 56, EV 96.2 MPH)
|
| Bottom of the 6th over - 0 runs, 1 hit, 0 errors, 0 left on base; Bowie 6 - Northwest Arkansas 3 |
| TOP OF THE 7TH |
|
Bowie Baysox batting - Pitching for Northwest Arkansas Naturals : RHP Kevin Fleming
|
|
Pitching: RHP Gary Ackerman
|
|
|
Batting: RHB Maup Gommers
|
0-0: Called Strike 0-1: Ground out U3 (Groundball, 34S, EV 81.2 MPH)
|
|
Batting: LHB Pat Fontana
|
0-0: Ball 1-0: Ball 2-0: Ball 3-0: Called Strike 3-1: Foul Ball, location: 2F 3-2: Base on Balls
|
|
Batting: RHB Jonathan Mendoza
|
0-0: Foul Ball, location: 2F 0-1: Foul Ball, location: 2F 0-2: Foul Ball, location: 2F 0-2: Ball 1-2: Foul Ball, location: 2F 1-2: Strikes out swinging Pat Fontana steals 2nd base Batter strikes out.
|
|
Batting: RHB Kevin Popowicz
|
0-0: Ball 1-0: Ground out 5-3 (Groundball, 56, EV 85.6 MPH)
|
| Top of the 7th over - 0 runs, 0 hits, 0 errors, 1 left on base; Bowie 6 - Northwest Arkansas 3 |
| BOTTOM OF THE 7TH |
|
Northwest Arkansas Naturals batting - Pitching for Bowie Baysox : RHP Fabiano Ceriani
|
|
Now in CF: Tony Godley
|
|
|
Now in RF: Alfredo Reguera
|
|
|
Batting: RHB Trevor Kingston
|
0-0: Called Strike 0-1: Ball 1-1: Foul Ball, location: 2F 1-2: Ball 2-2: Strikes out looking
|
|
Batting: RHB Chad Sullivan
|
0-0: Ball 1-0: Ball 2-0: Called Strike 2-1: Ground out 6-3 (Groundball, 6, EV 106.2 MPH)
|
|
Batting: RHB Kevin Allen
|
0-0: Ball 1-0: Ball 2-0: Foul Ball, location: 2F 2-1: Ball 3-1: Called Strike 3-2: Fly out, F9 (Line Drive, 9S, EV 88.8 MPH)
|
| Bottom of the 7th over - 0 runs, 0 hits, 0 errors, 0 left on base; Bowie 6 - Northwest Arkansas 3 |
| TOP OF THE 8TH |
|
Bowie Baysox batting - Pitching for Northwest Arkansas Naturals : RHP Gary Ackerman
|
|
Pitching: RHP Malachi Shelton
|
|
|
Batting: SHB Chris Wright
|
0-0: Ball 1-0: Ball 2-0: Called Strike 2-1: Ball 3-1: Base on Balls
|
|
Batting: RHB Mike Pitts
|
0-0: Called Strike 0-1: Ball 1-1: Ball 2-1: Ball 3-1: SINGLE (Groundball, 4D, EV 95.0 MPH) Chris Wright to second Runner from 2nd tries for 3rd, SAFE, throw by CF made to third
|
|
Batting: RHB Simon Van Steenwyk
|
0-0: Ball Mike Pitts is caught stealing 2nd base 2-4 1-0: Intentional Walk
|
|
Batting: RHB Matt Berrier
|
0-0: Ball Simon Van Steenwyk is caught stealing 2nd base 2-4 1-0: Ground out 6-3 (Groundball, 6, EV 105.0 MPH)
|
| Top of the 8th over - 0 runs, 1 hit, 0 errors, 1 left on base; Bowie 6 - Northwest Arkansas 3 |
| BOTTOM OF THE 8TH |
|
Northwest Arkansas Naturals batting - Pitching for Bowie Baysox : RHP Fabiano Ceriani
|
|
Pitching: RHP Mike Brubaker
|
|
|
Batting: LHB Edgar Ortiz
|
0-0: Ball 1-0: Called Strike 1-1: Ball 2-1: Swinging Strike 2-2: Strikes out swinging
|
|
Batting: RHB Nick Julien
|
0-0: Called Strike 0-1: Foul Ball, location: 2F 0-2: Ball 1-2: Ball 2-2: Fly out, F8 (Line Drive, 8RD, EV 86.9 MPH)
|
|
Batting: LHB Pablo Serrato
|
0-0: Ball 1-0: Ball 2-0: Called Strike 2-1: Foul Ball, location: 2F 2-2: Strikes out looking
|
| Bottom of the 8th over - 0 runs, 0 hits, 0 errors, 0 left on base; Bowie 6 - Northwest Arkansas 3 |
| TOP OF THE 9TH |
|
Bowie Baysox batting - Pitching for Northwest Arkansas Naturals : RHP Malachi Shelton
|
|
Batting: RHB Alfredo Reguera
|
0-0: Fly out, F6 (Popup, 6MD, EV 58.8 MPH)
|
|
Batting: RHB Maup Gommers
|
0-0: Foul Ball, location: 2F 0-1: Ground out 3-1 (Groundball, 34, EV 103.1 MPH)
|
|
Batting: LHB Pat Fontana
|
0-0: Ball 1-0: SINGLE (Groundball, 6MS, EV 73.1 MPH) (infield hit)
|
|
Batting: RHB Tony Godley
|
0-0: Ball Pat Fontana is caught stealing 2nd base 2-4
|
| Top of the 9th over - 0 runs, 1 hit, 0 errors, 0 left on base; Bowie 6 - Northwest Arkansas 3 |
| BOTTOM OF THE 9TH |
|
Northwest Arkansas Naturals batting - Pitching for Bowie Baysox : RHP Mike Brubaker
|
|
Batting: LHB Danny Zuniga
|
0-0: Swinging Strike 0-1: Swinging Strike 0-2: Ball 1-2: Foul Ball, location: 2F 1-2: Ball 2-2: Strikes out looking
|
|
Batting: RHB Jonas Fernandez
|
0-0: Ball 1-0: Fly out, F8 (Flyball, 8RXD, EV 93.1 MPH)
|
|
Batting: RHB Adam Krieger
|
0-0: Ball 1-0: Ball 2-0: Called Strike 2-1: Ground out U3 (Groundball, 3, EV 82.5 MPH)
|
| Bottom of the 9th over - 0 runs, 0 hits, 0 errors, 0 left on base; Bowie 6 - Northwest Arkansas 3 |
|